 Dungeon Crawl Stone Soup version 0.27-a0-887-gcab673c142 (webtiles) character file.

Game seed: 10074641539968436477

143 Alarkh the Ruffian (level 5, 41/41 HPs)
             Began as a Demonspawn Gladiator on Apr 4, 2021.
             Got out of the dungeon alive.
             The game lasted 00:02:02 (1422 turns).

Alarkh the Ruffian (Demonspawn Gladiator)           Turns: 1422, Time: 00:02:03

Health: 41/41      AC:  7    Str: 21    XL:     5   Next: 4%
Magic:  5/5        EV: 12    Int: 10    God:
Gold:   37         SH:  0    Dex: 14    Spells: 4/4 levels left

rFire    . . .     SeeInvis .     - Unarmed
rCold    . . .     Faith    .   (no shield)
rNeg     . . .     Spirit   .   a - +0 leather armour
rPois    .         Reflect  .   b - +0 helmet
rElec    .         Harm     .   (no cloak)
rCorr    .         Rampage  .   (no gloves)
Will     .....                  e - +2 pair of boots {Stlth+}
Stlth    ++........             f - amulet of regeneration
HPRegen  1.13/turn              i - +6 ring of strength
MPRegen  0.09/turn              (no ring)

@: no status effects
A: demonic guardian 1, spiny 1
a: no special abilities


You escaped.
You visited 1 branch of the dungeon, and saw 2 of its levels.

You collected 37 gold pieces.

Inventory:

Missiles
 c - 3 throwing nets (quivered)
Armour
 a - a +0 leather armour (worn)
 b - a +0 helmet (worn)
 e - a +2 pair of boots of stealth (worn)
Jewellery
 f - an amulet of regeneration (around neck)
 g - an amulet of faith
 h - a ring of ice
 i - a +6 ring of strength (left hand)
Scrolls
 d - 4 scrolls of teleportation {unknown}
Potions
 j - a potion of attraction {unknown}


   Skills:
 + Level 3.3 Fighting
 - Level 1.7 Throwing
 - Level 2.6 Dodging
 * Level 4.6 Unarmed Combat


You had 4 spell levels left.
You didn't know any spells.
Your spell library contained the following spells:

 Spells                   Type           Power      Damage    Failure   Level
 Animate Skeleton         Necr           0%         N/A       41%         1
 Apportation              Tloc           0%         N/A       41%         1
 Corona                   Hex            0%         N/A       41%         1
 Sandblast                Erth           0%         2d4       41%         1
 Summon Small Mammal      Summ           0%         N/A       41%         1
 Passwall                 Tmut/Erth      0%         N/A       54%         2
 Stone Arrow              Conj/Erth      0%         3d7       78%         3
 Petrify                  Tmut/Erth      0%         N/A       99%         4
 Lee's Rapid Deconstruct  Erth           0%         3d5*      100%        5


Dungeon Overview and Level Annotations

Branches:
Dungeon (2/15)

Altars:


Innate Abilities, Weirdness & Mutations

A weak demonic guardian rushes to your aid.
You are partially covered in sharp spines.


Message History

Your demonic ancestry asserts itself...
You feel the presence of a demonic guardian.
Things that are here:
a +0 whip; a kobold corpse
j - a glowing grey potion
(D) Dungeon
Where to? (Enter - D:2, ? - help)
What level of the Dungeon? (default 1, ? - help)
A ball python comes into view.
The ball python hisses angrily.
The ball python completely misses you.
You hit the ball python.
You kill the ball python!
No target in view!
No target in view!
No target in view!
No target in view!
No target in view!
No target in view!
No target in view!
No target in view!
No target in view!
No target in view!
No target in view!
No target in view!
No target in view!
(D) Dungeon
Where to? (Enter - D:1, ? - help)
You see here a ball python corpse.
Things that are here:
a +0 dagger; a goblin skeleton
There is a stone staircase leading up here.
You climb upwards.
There is a stone staircase leading down here.
You can't go up here!
You see here a +0 club.
There is an open door here.
There is a staircase leading out of the dungeon here.
Are you sure you want to leave the Dungeon?
This will make you lose the game!
You have escaped!

#...##...#.......#
#....##..#.......#
#########.....#..#...[...#
#....[......8.#..#....†..#
#..#######....#..#..#.#### ##..#
#...##..#....## ##.#
#..##...###...######## #.#
#..#....####.........# #.#
#..'..@.'............# ## #.#
#..#....#............# .# #.#
#..##...#............# .# #.#
##...##..#............# .###.#
##.....#..#...÷........##
...#.####)...8.#..#..............
...(...##.#....#..#............##
.#^...........##..#............#
.###.........##...#..........###


There were no monsters in sight!

Vanquished Creatures
  6 gnolls (D:2)
  3 adders (D:2)
  A worm (D:2)
  3 dart slugs (D:1)
  2 ball pythons
  3 endoplasms
  A giant cockroach (D:2)
  4 goblins
  4 hobgoblins
  8 jackals
  3 quokkas (D:1)
  A bat (D:1)
  A frilled lizard (D:1)
  6 kobolds
  5 rats
51 creatures vanquished.

Notes
Turn   | Place    | Note
-------+----------+-------------------------------------------
     0 | D:1      | Alarkh the Demonspawn Gladiator began the quest for the
                  | Orb.
     0 | D:1      | Reached XP level 1. HP: 16/16 MP: 1/1
    50 | D:1      | Reached skill level 3 in Unarmed Combat
    67 | D:1      | Gained mutation: You are partially covered in sharp spines.
                  | [demonic ancestry]
    67 | D:1      | Reached XP level 2. HP: 5/22 MP: 2/2
   859 | D:1      | Reached XP level 3. HP: 28/28 MP: 3/3
  1116 | D:2      | Reached skill level 4 in Unarmed Combat
  1128 | D:2      | Reached XP level 4. HP: 34/34 MP: 4/4
  1333 | D:2      | Gained mutation: A weak demonic guardian rushes to your
                  | aid. [demonic ancestry]
  1333 | D:2      | Reached XP level 5. HP: 38/41 MP: 5/5
  1422 | D:$      | Got out of the dungeon alive.

Illustrated notes

Levels and vault maps discovered:
D:1:      giann_horns, layout_rooms
D:2:      layout_loops_ring, shapermc_ecumenical_altar_flowoftime, serial_glass,
          glass_columns_a, glass_columns_a

Skill      XL: |  1  2  3  4 |
---------------+-------------+-----
Unarmed Combat | 3 4 |  4.6
Fighting       | 3 |  3.3
Throwing       | |  1.7
Dodging        | |  2.6

Action                   |  1- 3 |  4- 6 || total
-------------------------+-------+-------++-------
Melee: Unarmed           |    93 |    40 ||   133
       Punch             |     1 |     1 ||     2
  Use: Potion            |     2 |       ||     2
 Stab: Sleeping          |     1 |     2 ||     3
Armor: Leather armour    |    26 |    12 ||    38
       Skin              |    17 |       ||    17
Dodge: Dodged            |    64 |    20 ||    84

Table legend: (Time is in decaauts)
 A = Elapsed time spent in this place.
 B = Non-inter-level travel time spent in this place.
 C = Inter-level travel time spent in this place.
 D = Time resting spent in this place.
 E = Time spent auto-exploring this place.
 F = Levels seen in this place.
 G = Mean time per level.
                   A        B        C        D        E       F      G
               +--------+--------+--------+--------+--------+-----+--------+
         Total |   1412 |   1332 |     80 |    615 |    375 |   2 |  706.0 |
       Dungeon |   1412 |   1332 |     80 |    615 |    375 |   2 |  706.0 |
               +--------+--------+--------+--------+--------+-----+--------+

Top non-repeatable levels by time:
     D:1: 1059 daAuts
     D:2: 353 daAuts
